 Dungeon Crawl Stone Soup version 0.32-a0-135-g14f8b2e1af (webtiles) character file.

Game seed: 1961962787163782240

329610 Ge0ff the Gelid (level 20, -2/153 HPs)
             Began as a Mummy Brigand on Feb 10, 2024.
             Was an Initiate of Gozag.
             Slain by a lorocyproca (28 damage)
             ... on level 3 of the Abyss on Feb 12, 2024.
             The game lasted 03:00:40 (73986 turns).

Ge0ff the Gelid (Mummy Brigand)                    Turns: 73986, Time: 03:00:41

Health: -2/153     AC:  4    Str: 19 (20) XL:     20   Next: 83%
Magic:  0/50       EV: 15    Int: 22 (23) God:    Gozag
Gold:   633        SH:  8    Dex: 15 (18) Spells: 2/54 levels left

rFire   + . .        a - +9 quick blade (vamp)
rCold   + + .        K - +2 buckler
rNeg    + + +        c - +2 robe {rF+}
rPois   ∞            e - +2 helmet {Int+3}
rElec   .            B - scarf of Death's Door {rC+ rF+, Int+2}
rCorr   .            Q - +2 pair of gloves
SInv    .            P - +1 pair of boots
Will    +++..        X - amulet of regeneration
Stlth   +++          R - ring "Qollamp" {Wiz rN+ Str+4 Int+5, =R}
HPRegen 1.25/turn    b - ring of Lugonu's Supremacy {Will+ MP+9}
MPRegen 0.32/turn

%: faith, wizardry (x1)
@: corroded, gold aura, hasted, very quick
A: cold resistance 1, negative energy resistance 3, torment resistance 2, heat
vulnerability 1, in touch with death 2, no potions, faith
}: 2/15 runes: barnacled, gossamer
a: Renounce Religion, Potion Petition, Call Merchant, Bribe Branch


You were on level 3 of the Abyss.
You worshipped Gozag.
Gozag was pleased with you.
You visited 7 branches of the dungeon, and saw 34 of its levels.
You visited the Abyss 2 times.
You also visited: Gauntlet and Ice Cave.

You collected 16214 gold pieces.
You spent 5017 gold pieces at shops.
You paid 10564 gold pieces to Gozag.

Inventory:

Hand Weapons
 a - a +9 vampiric quick blade (weapon)
 C - the +5 rapier of Leilun {heavy, *Rage +Blink rPois Str+4}
   (You found it on level 2 of the Spider Nest)

   Str+4:     It affects your strength (+4).
   rPois:     It protects you from poison +Blink: It lets you blink.
   *Rage:     It berserks you when you make melee attacks (+20% chance).
 I - the +8 mace of Helocw {freeze, SInv}
   (You found it on level 4 of the Shoals)

   SInv:      It lets you see invisible.
 Y - a +7 dagger of distortion
Missiles
 g - 2 throwing nets {=F}
 h - 6 javelins
 v - 5 curare-tipped darts {=F}
 z - 15 silver javelins
 M - 40 boomerangs (quivered)
Armour
 c - a +2 robe of fire resistance (worn)
 e - a +2 helmet of intelligence (worn)
 f - a +2 kite shield of fire resistance
 k - the +0 pair of boots "Betohaff" {rC+ Will- Int+4}
   (You found it in a Gauntlet)

   Int+4:     It affects your intelligence (+4).
   rC+:       It protects you from cold.
   Will-:     It decreases your willpower.
 u - a +2 cloak of preservation
 B - the scarf of Death's Door (worn) {rC+ rF+, Int+2}
   (You found it on level 1 of the Elven Halls)

   Int+2:     It affects your intelligence (+2).
 D - an orb of mayhem
 K - a +2 buckler (worn)
 P - a +1 pair of boots (worn)
 Q - a +2 pair of gloves (worn)
 W - a +0 kite shield of reflection
Magical Staves
 Z - a staff of fire
Jewellery
 b - the ring of Lugonu's Supremacy (right hand) {Will+ MP+9}
   (You bought it in a shop on level 1 of the Elven Halls)

   [ring of magical power]

   Will+:     It increases your willpower.
   MP+9:      It affects your magic capacity (+9).
 i - a ring of protection from fire
 o - a ring of flight
 q - the ring of Liaduose {rElec Str+3 Dex+6}
   (You found it on level 4 of the Lair of Beasts)

   [ring of dexterity]

   Str+3:     It affects your strength (+3).
   Dex+6:     It affects your dexterity (+6).
   rElec:     It insulates you from electricity.
 A - a +4 ring of protection
 N - a +6 ring of intelligence
 R - the ring "Qollamp" (left hand) {Wiz rN+ Str+4 Int+5, =R}
   (You bought it in a shop on level 2 of the Orcish Mines)

   [ring of wizardry]

   Wiz:       It improves your spell success rate.
   Str+4:     It affects your strength (+4).
   Int+5:     It affects your intelligence (+5).
   rN+:       It protects you from negative energy.
 X - an amulet of regeneration (around neck)
Wands
 j - a wand of light (6)
 r - a wand of roots (3)
 s - a wand of mindburst (6)
Scrolls
 m - 3 scrolls of revelation
 w - 10 scrolls of amnesia
 y - a scroll of brand weapon
 E - 3 scrolls of fear
 F - 4 scrolls of fog
 G - a scroll of enchant armour
 H - 2 scrolls of torment
 J - 2 scrolls of silence {!r}
 L - a scroll of enchant weapon
 S - 5 scrolls of butterflies
 T - 3 scrolls of teleportation
 V - 6 scrolls of vulnerability
Miscellaneous
 l - a lightning rod (1/4)
 n - a phial of floods (inert)
 t - a tin of tremorstones (inert)
 O - a box of beasts
 U - a phantom mirror


   Skills:
 - Level 12.0 Fighting
 - Level 10.9 Short Blades
 - Level 1.5 Throwing
 - Level 3.0 Armour
 - Level 7.0 Dodging
 - Level 4.0 Stealth
 - Level 7.0 Shields
 + Level 17.9 Spellcasting
 - Level 7.0 Conjurations
 - Level 7.0 Hexes
 - Level 7.0 Summonings
 - Level 5.0 Translocations
 - Level 7.0 Fire Magic
 * Level 18.0 Ice Magic
 - Level 5.0 Air Magic
 - Level 5.0 Earth Magic
 - Level 5.0 Alchemy
 - Level 0.7 Invocations
 - Level 5.0 Evocations


You had 2 spell levels left.
You knew the following spells:

 Your Spells              Type           Power      Damage    Failure   Level
d - Iskenderun's Mystic   Conj/Tloc      46%        2d10      1%          4
f - Mephitic Cloud        Conj/Alch/Air  44%        N/A       1%          3
g - Apportation           Tloc           82%        N/A       1%          1
h - Lee's Rapid Deconstr  Erth           20%        3d12*     4%          5
j - Airstrike             Air            20%        2d(3-19)  1%          4
m - Fireball              Conj/Fire      25%        3d11      1%          5
s - Ozocubu's Refrigerat  Ice            39%        4d16      1%          7
t - Polar Vortex          Ice            39%        12d5*     58%         9
w - Passwall              Erth           41%        N/A       1%          3
x - Summon Blazeheart Go  Fire/Summ      50%        N/A       1%          4
B - Blink                 Tloc           82%        N/A       1%          2
C - Freezing Cloud        Conj/Ice/Air   29%        6-21      1%          5

Your spell library contained the following spells:

 Spells                   Type           Power      Damage    Failure   Level
 Necrotise                Necr           100%       1d9       1%          1
 Sandblast                Erth           82%        2d17      1%          1
 Slow                     Hex            100%       N/A       1%          1
 Sting                    Conj/Alch      100%       1d9       1%          1
 Summon Small Mammal      Summ           100%       N/A       1%          1
 Ensorcelled Hibernation  Hex/Ice        100%       N/A       1%          2
 Jinxbite                 Hex            100%       N/A       1%          2
 Lesser Beckoning         Tloc           82%        N/A       1%          2
 Mercury Vapours          Alch/Air       82%        N/A       1%          2
 Momentum Strike          Conj/Tloc      92%        3d10      1%          2
 Static Discharge         Conj/Air       92%        3-7/arc   1%          2
 Frozen Ramparts          Ice            100%       1d16      0%          3
 Ozocubu's Armour         Ice            78%        N/A       0%          3
 Call Canine Familiar     Summ           50%        N/A       1%          3
 Confusing Touch          Hex            50%        N/A       1%          3
 Dazzling Flash           Conj/Hex       100%       N/A       1%          3
 Sigil of Binding         Hex            50%        N/A       1%          3
 Stone Arrow              Conj/Erth      92%        3d12      1%          3
 Summon Ice Beast         Ice/Summ       65%        N/A       1%          3
 Volatile Blastmotes      Fire/Tloc      92%        2d17      1%          3
 Brom's Barrelling Bould  Conj/Erth      46%        2d6       1%          4
 Cause Fear               Hex            25%        N/A       1%          4
 Fulminant Prism          Conj/Alch      23%        3d12      1%          4
 Leda's Liquefaction      Alch/Erth      20%        N/A       1%          4
 Manifold Assault         Tloc           41%        N/A       1%          4
 Petrify                  Alch/Erth      41%        N/A       1%          4
 Summon Lightning Spire   Summ/Air       46%        N/A       1%          4
 Iskenderun's Battlesphe  Conj           50%        2d10      1%          5
 Metabolic Englaciation   Hex/Ice        32%        N/A       1%          5
 Summon Mana Viper        Hex/Summ       50%        N/A       1%          5
 Sculpt Simulacrum        Ice/Alch       31%        N/A       1%          6
 Anguish                  Hex/Necr       34%        N/A       3%          4
 Yara's Violent Unravell  Hex/Alch       23%        3d10      3%          5
 Fugue of the Fallen      Necr           44%        N/A       4%          3
 Vampiric Draining        Necr           44%        2d9       4%          3
 Alistair's Intoxication  Alch           27%        N/A       4%          5
 Starburst                Conj/Fire      25%        6d8       12%         6
 Bombard                  Conj/Erth      23%        9d4       16%         6
 Conjure Ball Lightning   Conj/Air       23%        3x3d6     16%         6
 Enfeeble                 Hex            25%        N/A       50%         7
 Monstrous Menagerie      Summ           25%        N/A       50%         7
 Orb of Destruction       Conj           25%        9d9       50%         7
 Spellforged Servitor     Conj/Summ      25%        N/A       50%         7
 Maxwell's Capacitive Co  Air            20%        ∞         100%        8


Dungeon Overview and Level Annotations

Branches:
Dungeon (15/15) Zot: 25339  Temple (1/1) D:6 Zot: 5998    Lair (5/5) D:11 Zot: 17787
 Shoals (4/4) Lair:3 Zot: 11620  Spider (4/4) Lair:3 Zot: 8334   Slime (0/5) Lair:5
    Orc (2/2) D:9 Zot: 9256     Elf (3/3) Orc:2 Zot: 9107  Vaults (0/5) D:13
 Depths (0/4) D:15          IceCv (visited)         Gauntlet (visited)

Altars:
Ashenzari
Cheibriados
Dithmenos
Fedhas
Gozag
Hepliaklqana
Kikubaaqudgha
Makhleb
Nemelex Xobeh
Okawaru
Qazlal
Ru
Sif Muna
Trog
Uskayaw
Vehumet
Wu Jian
Xom
Yredelemnul
Jiyva

Shops:
D:1 =   D:6 :   D:9 !*[   D:13 ?[   D:14 ?   Orc:1 *   Orc:2 [(:=[   Elf:1 :==
Elf:2 [

Annotations:
Shoals:2 1 runed translucent door, 1 exclusion, Jema's ghost, adept HuCj
Elf:3 1 exclusion


Innate Abilities, Weirdness & Mutations

You are immune to poison.
Your flesh is cold resistant. (rC+)
You are immune to negative energy. (rN+++)
You are immune to unholy pain and torment.
You are vulnerable to heat. (rF-)
You are strongly in touch with the powers of death.
You do not drink.
You have a special connection with the divine. (Faith)


Message History

You hit the brown very ugly thing.
You feel better.
The brown very ugly thing is severely wounded.
The wretched star pulses with an eldritch light!
Your body decomposes!
You feel clumsy.
You block the brown very ugly thing's attack.
You hit the brown very ugly thing.
You feel better.
You barely miss the brown very ugly thing.
The brown very ugly thing is severely wounded.
The wretched star is distracted by your dazzling golden aura.
The brown very ugly thing stings you!! The acid corrodes you!
You are splashed with acid.
You hit the brown very ugly thing but do no damage.
You closely miss the brown very ugly thing.
The brown very ugly thing is severely wounded.
You hit the brown very ugly thing but do no damage.
You hit the brown very ugly thing.
You feel better.
The brown very ugly thing is severely wounded.
The brown very ugly thing barely misses you.
You closely miss the brown very ugly thing.
You hit the brown very ugly thing.
The brown very ugly thing is severely wounded.
The wretched star is no longer distracted by gold.
The wretched star pulses with an eldritch light!
You puncture the brown very ugly thing! You hit the brown very ugly thing.
You feel better.
The brown very ugly thing is almost dead.
The brown very ugly thing stings you! The acid corrodes you!
You are splashed with acid!
The wretched star glows turbulently.
The lance of force hits you!!
You are knocked back by the lance of force.
You slam into the rock wall!
* * * LOW HITPOINT WARNING * * *
You hear a chilling moan.
Something hits you!
* * * LOW HITPOINT WARNING * * *
You feel your power leaking away.
Deactivating autopickup; reactivate with Ctrl-A.
Okay, then.
Use which ability? (? or * to list) [a] - 322 gold - might and resistance [b] - 260 gold - haste [c] - 240 gold - invisibility and might Purchase which effect?
You feel yourself speed up. Something hits you!!
You die...
Your body crumbles into a pile of gold.

.. ... #.. ##
#.#.. ### .
..#.# ..# .# ..#
#...#..# .#
#...#..#.#.###..
#...@*.....#.
##..#..#..#. ##
...##u##..##...#
..#. ##$~#~....
#. #. ~ #.#.# #.
##~~#~.#.# #
####~#.# # ## #
##.#.##


You could see a wretched star.

Vanquished Creatures
  Mara (Shoals:4)
  Nikola (Spider:3)
  Arachne (Spider:4)
  Jorgrun (D:14)
  Mlioglotl (Spider:4)
  A deep elf master archer (Elf:3)
  Asterion (Spider:3)
  A deep elf blademaster (Elf:3)
  A kraken (Shoals:4)
  3 tentacled starspawn (Abyss:3)
  Frances (D:14)
  A tengu reaver (Abyss:3)
  Aizul (Spider:1)
  Donald (Spider:1)
  Ilsuiw (Shoals:3)
  3 frost giants (IceCv)
  11 emperor scorpions
  4 ghost moths
  4 deep elf sorcerers (Elf:3)
  5 deep elf elementalists (Elf:3)
  An orc warlord (Orc:2)
  Louise (Shoals:1)
  2 broodmothers (Spider:3)
  2 formless jellyfish (Shoals:4)
  A very ugly thing (Abyss:3)
  4 deep elf demonologists
  4 deep elf death magi (Elf:3)
  3 deep elf annihilators (Elf:3)
  A white draconian (IceCv)
  2 dire elephants
  A minotaur (Gauntlet)
  The ghost of Hab Okin the Martial Artist, a journeyman GnSh of Hepliaklqana (Lair:4)
  2 spark wasps
  4 merfolk javelineers (Shoals:4)
  8 merfolk impalers
  The ghost of Rankomyk the Carver, a journeyman VSEn of Uskayaw (Lair:4)
  An ettin (D:15)
  A deep elf high priest (Elf:3)
  6 entropy weavers
  A spriggan zombie (Abyss:3)
  Erolcha (D:11)
  6 hydras
  A ghost crab (Gauntlet)
  2 ogre magi (Orc:2)
  4 alligator snapping turtles (Shoals:4)
  5 ice dragons (IceCv)
  A death knight (D:15)
  9 ironbound frosthearts (IceCv)
  12 boulder beetles
  4 centaur warriors
  8 merfolk aquamancers
  12 two-headed ogres
  31 dancing weapons
  3 merfolk avatars
  10 death yaks
  A death scarab (Spider:2)
  2 tengu warriors
  4 satyrs
  8 demonic crawlers
  A hell hog (Abyss:2)
  A hell knight (D:15)
  A thrashing horror (Abyss:2)
  Sonja (D:11)
  Amaemon (Lair:2)
  18 deep elf knights
  7 skeletal warriors
  A wretched star (Abyss:3)
  7 skysharks
  A fire crab (Lair:5)
  4 pharaoh ants
  2 deep trolls (Orc:2)
  11 sea snakes
  2 orange crystal statues
  9 orb spiders
  2 arcanists
  25 harpies
  12 deep elf archers
  2 sun moths (Spider:4)
  3 orc knights
  A glowing orange brain (Abyss:3)
  The ghost of anet the Chopper, a novice HOCj (D:5)
  A necromancer (Gauntlet)
  3 oklob plants
  6 steelbarb worms
  30 wolf spiders
  19 deep elf zephyrmancers
  14 manticores
  33 deep elf pyromancers
  An orc sorcerer (Orc:1)
  21 ugly things
  9 cyclopes
  14 fauns
  3 meliai (Gauntlet)
  2 moths of wrath (Spider:1)
  The ghost of lilalause the Sneak, a novice KoDe (D:5)
  14 merfolk sirens
  An apocalypse crab (Abyss:3)
  25 elephants
  10 torpor snails
  8 black mambas
  11 water nymphs
  2 orange demons
  21 cane toads
  A smoke demon (Abyss:3)
  5 centaur zombies (D:10)
  7 large abominations
  An unseen horror (D:11)
  2 freezing wraiths (D:15)
  8 komodo dragons
  2 efreet
  11 rime drakes
  A yaktaur (D:15)
  Jeremiah (D:7)
  An ancient zyme (Abyss:3)
  A tengu conjurer (D:15)
  Psyche (D:8)
  20 merfolk
  16 trolls
  3 tyrant leeches
  2 hornets (D:8)
  18 polar bears
  3 alligator simulacra (Shoals:3)
  The ghost of rossyrg the Conjurer, an amateur OpCj (D:4)
  10 snapping turtles
  Grinder (D:3)
  7 raiju (Abyss:3)
  8 wind drakes
  41 tarantellas
  27 blink frogs
  12 dream sheep
  An air elemental (Abyss:3)
  A meliai zombie (D:10)
  Sigmund (D:2)
  31 culicivoras
  7 slime creatures
  22 jumping spiders
  3 shadows
  2 vampires
  5 wraiths
  4 spriggans
  4 wyverns
  13 water elementals
  47 yaks
  A fire elemental (Elf:3)
  A fire bat (D:11)
  Grum (D:11)
  A warg (Orc:2)
  57 redbacks
  3 steam dragons
  2 minotaur simulacra (Shoals:3)
  2 neqoxecs
  8 basilisks
  12 vampire mosquitoes
  6 swamp worms
  21 water moccasins
  A hell hound (D:11)
  2 acid dragons
  20 orc warriors
  3 ice beasts
  5 sky beasts
  19 ogres
  2 centaurs
  18 wolves
  2 phantoms
  3 kobold brigands
  20 bullfrogs
  A bullfrog (shapeshifter) (Elf:1)
  2 gnoll sergeants
  11 scorpions
  3 necrophages
  2 deep troll simulacra (Shoals:3)
  6 small abominations
  7 killer bees
  A lindwurm simulacrum (Shoals:3)
  4 howler monkeys
  6 electric eels
  3 hounds (D:6)
  4 jellies
  19 orc priests
  A bombardier beetle (D:3)
  2 gnoll boudas
  An iron imp (Abyss:3)
  Jessica (D:2)
  18 orc wizards
  Natasha (thrice) (D:2)
  2 iguanas (D:6)
  A hell rat (Lair:5)
  5 nameless horrors
  2 howler monkey zombies (D:10)
  22 gnolls
  5 adders
  2 shadow imps
  3 white imps
  2 ufetubi (D:7)
  A ribbon worm (D:2)
  86 orcs
  4 ball pythons
  11 endoplasms
  2 giant cockroaches
  4 goblins
  10 hobgoblins
  7 jackals
  19 kobolds
  5 quokkas
  4 bats
  2 frilled lizards
  4 rats
  4 starspawn tentacles (Abyss:3)
  2 tentacles (Shoals:4)
1443 creatures vanquished.

Vanquished Creatures (collateral kills)
  Bai Suzhen (Spider:3)
  3 death yaks
  A skyshark (Lair:4)
  A pharaoh ant (Lair:3)
  3 elephants (Lair:4)
  A komodo dragon (Lair:2)
  A polar bear (Lair:5)
  A dream sheep (Lair:3)
  A wraith (D:15)
  A yak (Lair:5)
  A basilisk (Lair:5)
  A warg (Orc:2)
  An orc warrior (Orc:2)
  An ogre (Orc:1)
  2 wolves
  A bullfrog (Lair:4)
  A necrophage (Lair:3)
  An orc (Orc:2)
23 creatures vanquished.

Vanquished Creatures (others)
  A merfolk aquamancer (Shoals:3)
  A necromancer (D:15)
  A merfolk siren (Shoals:3)
  A dream sheep (Shoals:3)
  An air elemental (Elf:3)
  An orc wizard (D:8)
  74 blazeheart cores
  3 starspawn tentacles (Abyss:3)
  5 tentacles (Shoals:4)
88 creatures vanquished.

Grand Total: 1554 creatures vanquished

Notes
Turn   | Place    | Note
-------+----------+-------------------------------------------
     0 | D:1      | Ge0ff the Mummy Brigand began the quest for the Orb.
     0 | D:1      | Reached XP level 1. HP: 16/16 MP: 1/1
   330 | D:1      | Found Gekleom's Jewellery Boutique.
   339 | D:1      | Reached XP level 2. HP: 22/22 MP: 2/2
   813 | D:2      | Noticed Natasha
   816 | D:2      | Found a faded altar of an unknown god.
   841 | D:2      | Killed Natasha
   842 | D:2      | Reached skill level 1 in Dodging
   842 | D:2      | Reached XP level 3. HP: 26/27 MP: 3/3
   864 | D:2      | Noticed Jessica
   886 | D:2      | Killed Jessica
   887 | D:2      | Reached XP level 4. HP: 33/33 MP: 4/4
   900 | D:2      | Noticed Natasha
   909 | D:2      | Killed Natasha
  1235 | D:2      | Noticed Sigmund
  1395 | D:2      | Noticed Natasha
  1406 | D:2      | Killed Natasha
  1407 | D:2      | Reached XP level 5. HP: 38/41 MP: 5/5
  1556 | D:2      | Killed Sigmund
  1557 | D:2      | Reached XP level 6. HP: 18/47 MP: 6/6
  2020 | D:3      | Found an opulent altar of Gozag.
  2031 | D:3      | Became a worshipper of Gozag Ym Sagoz the Greedy
  2072 | D:3      | Noticed Grinder
  2081 | D:3      | Paralysed by Grinder for 5 turns
  2108 | D:3      | Killed Grinder
  2109 | D:3      | Reached skill level 5 in Short Blades
  2220 | D:3      | Reached XP level 7. HP: 53/53 MP: 7/7
  2340 | D:3      | Found a snail-covered altar of Cheibriados.
  2711 | D:3      | Learned a level 2 spell: Jinxbite
  2740 | D:4      | Identified a scroll of acquirement
  2740 | D:4      | Acquired a +1 vampiric quick blade
  2830 | D:4      | You fall into a shaft and drop 2 floors!
  2830 | D:6      | Found a hazy altar of Hepliaklqana.
  2833 | D:6      | Found a hide-covered altar of Uskayaw.
  2834 | D:6      | Found a radiant altar of Vehumet.
  2917 | D:6      | Found Byphaeh's Self-Published Books.
  2960 | D:6      | Reached skill level 1 in Spellcasting
  2960 | D:6      | Reached skill level 1 in Hexes
  3803 | D:6      | Found a staircase to the Ecumenical Temple.
  3847 | Temple   | Entered the Ecumenical Temple
  3861 | D:5      | Entered Level 5 of the Dungeon
  3905 | D:5      | Reached XP level 8. HP: 55/60 MP: 7/11
  4488 | D:4      | Found a large runed translucent door.
  4488 | D:4      | Found a large runed translucent door.
  4488 | D:4      | Noticed rossyrg's ghost (amateur OpCj)
  4811 | D:5      | Reached skill level 1 in Evocations
  4887 | D:5      | Found a runed translucent gate.
  4887 | D:5      | Found a runed translucent gate.
  4887 | D:5      | Found a runed translucent gate.
  4891 | D:5      | Noticed anet's ghost (novice HOCj)
  4891 | D:5      | Noticed lilalause's ghost (novice KoDe)
  6386 | D:7      | Noticed Jeremiah
  6503 | D:7      | Reached XP level 9. HP: 64/66 MP: 14/14
  6634 | D:7      | Killed Jeremiah
  6747 | D:7      | Reached skill level 5 in Fighting
  7130 | D:7      | Reached skill level 1 in Shields
  7796 | D:8      | Reached skill level 5 in Hexes
  8044 | D:8      | Reached skill level 5 in Spellcasting
  8148 | D:8      | Noticed Psyche
  8180 | D:8      | Killed Psyche
  8727 | D:8      | Reached XP level 10. HP: 71/76 MP: 13/17
  8955 | D:4      | Killed rossyrg's ghost
  9353 | D:9      | Found a staircase to the Orcish Mines.
  9555 | D:9      | Found Vahisuo's Armour Shop.
  9585 | D:9      | Found Tewil's General Store.
  9630 | D:9      | Bought a scroll of identify for 22 gold pieces
  9657 | D:9      | Reached skill level 1 in Armour
 10171 | D:9      | Found Sumexzot's Distillery.
 10240 | D:10     | Entered Level 10 of the Dungeon
 10691 | D:10     | Reached XP level 11. HP: 83/83 MP: 17/20
 10706 | D:10     | Reached skill level 5 in Evocations
 10769 | D:10     | Found a bloodstained altar of Trog.
 10795 | D:10     | Noticed a two-headed ogre
 10809 | D:10     | Killed a two-headed ogre
 11444 | D:10     | Noticed a two-headed ogre
 11454 | D:10     | Killed a two-headed ogre
 11625 | D:11     | Noticed a boulder beetle
 11626 | D:11     | Found a staircase to the Lair.
 11669 | D:11     | Killed a boulder beetle
 11761 | D:11     | Noticed Grum
 11761 | D:11     | Noticed a two-headed ogre
 11781 | D:11     | Killed Grum
 11781 | D:11     | Killed a two-headed ogre
 11912 | D:11     | Learned a level 4 spell: Summon Blazeheart Golem
 12223 | D:11     | Found a shimmering altar of Xom.
 12223 | D:11     | Noticed Erolcha
 12238 | D:11     | Killed Erolcha
 12239 | D:11     | Reached skill level 1 in Summonings
 12239 | D:11     | Reached skill level 1 in Fire Magic
 12515 | D:11     | Noticed Sonja
 12526 | D:11     | Killed Sonja
 12730 | D:11     | Reached XP level 12. HP: 56/91 MP: 18/22
 12888 | D:11     | Noticed a boulder beetle
 12906 | D:11     | Killed a boulder beetle
 12978 | Lair:1   | Entered Level 1 of the Lair of Beasts
 13120 | Lair:1   | Learned a level 3 spell: Mephitic Cloud
 13250 | Lair:1   | Reached skill level 1 in Conjurations
 13250 | Lair:1   | Reached skill level 1 in Air Magic
 13275 | Lair:1   | Reached skill level 1 in Alchemy
 13785 | Lair:1   | Reached skill level 5 in Summonings
 13856 | Lair:1   | Reached skill level 5 in Fire Magic
 15125 | Lair:2   | Gained mutation: You are strongly in touch with the powers
                  | of death. [Mummy growth]
 15125 | Lair:2   | Reached XP level 13. HP: 91/97 MP: 21/25
 15414 | Lair:2   | Noticed Amaemon
 15433 | Lair:2   | Killed Amaemon
 16239 | Lair:3   | Found a hole to the Spider Nest.
 16707 | Lair:3   | Identified the +10 flail "Yckurgh" {chaos, Fly rCorr Str+4}
 17164 | Lair:3   | Found a staircase to the Shoals.
 17475 | D:5      | Killed lilalause's ghost
 17475 | D:5      | Killed anet's ghost
 17797 | Lair:4   | Identified the ring of Liaduose {rElec Str+3 Dex+6}
 17827 | Lair:4   | Reached skill level 5 in Shields
 17849 | Lair:4   | Reached skill level 5 in Dodging
 17878 | Lair:5   | Entered Level 5 of the Lair of Beasts
 18493 | Lair:5   | Reached XP level 14. HP: 100/106 MP: 16/27
 18803 | Lair:5   | Found a viscous altar of Jiyva.
 19109 | Lair:5   | Reached skill level 5 in Conjurations
 19208 | Lair:5   | HP: 3/108 [dire elephant (32)]
 19226 | Lair:5   | Reached skill level 5 in Air Magic
 19959 | Lair:5   | Reached skill level 5 in Alchemy
 20229 | Lair:5   | Reached skill level 10 in Short Blades
 20420 | Lair:5   | Learned a level 1 spell: Apportation
 21309 | Lair:4   | Learned a level 4 spell: Iskenderun's Mystic Blast
 21368 | Lair:4   | Reached skill level 10 in Spellcasting
 21368 | Lair:4   | Reached skill level 1 in Translocations
 21844 | Lair:4   | Found a runed translucent gate.
 21845 | Lair:4   | Found a runed translucent gate.
 21845 | Lair:4   | Found a runed translucent gate.
 21875 | Lair:4   | Noticed Hab Okin's ghost (journeyman GnSh)
 21875 | Lair:4   | Noticed Rankomyk's ghost (journeyman VSEn)
 22096 | Lair:4   | Reached XP level 15. HP: 102/115 MP: 18/29
 22912 | Lair:4   | Killed Hab Okin's ghost
 23486 | Lair:4   | Killed Rankomyk's ghost
 24029 | Orc:1    | Entered Level 1 of the Orcish Mines
 24049 | Orc:1    | Reached skill level 10 in Fighting
 24197 | Orc:1    | Found Hotoar's CLEARANCE SALE!.
 24218 | Orc:1    | Bought a scroll of enchant weapon for 30 gold pieces
 24315 | Orc:2    | Entered Level 2 of the Orcish Mines
 24956 | Orc:2    | Found Ygobinag's Antique Weapon Shop.
 25175 | Orc:2    | Found Puerri's Book Boutique.
 25176 | Orc:2    | Found Ucseotoy's Jewellery Boutique.
 25177 | Orc:2    | Found Akhesev's Antique Armour Shoppe.
 25190 | Orc:2    | Found a staircase to the Elven Halls.
 25309 | Orc:2    | Found Qecivvy's Antique Armour Emporium.
 25962 | Orc:2    | Bought an amulet of regeneration for 420 gold pieces
 25981 | Orc:2    | Bought an embroidered robe for 122 gold pieces
 26001 | Orc:2    | Bought the ring "Qollamp" {Wiz rN+ Str+4 Int+5} for 841
                  | gold pieces
 26008 | Orc:2    | Learned a level 5 spell: Freezing Cloud
 26019 | Orc:2    | Bought a book of Ice for 800 gold pieces
 26027 | Orc:2    | Learned a level 7 spell: Ozocubu's Refrigeration
 26355 | D:12     | Reached skill level 1 in Ice Magic
 26451 | D:12     | Reached skill level 2 in Ice Magic
 26920 | D:12     | Reached skill level 3 in Ice Magic
 27492 | D:13     | Reached skill level 4 in Ice Magic
 28054 | D:13     | Reached skill level 5 in Ice Magic
 28336 | Abyss:2  | Cast into level 2 of the Abyss (orc knight)
 28556 | Abyss:3  | Noticed a tentacled starspawn
 28565 | Abyss:3  | Killed a tentacled starspawn
 28641 | Abyss:3  | Noticed a tentacled starspawn
 28660 | Abyss:3  | Killed a tentacled starspawn
 28661 | Abyss:3  | Reached skill level 6 in Ice Magic
 28726 | Abyss:3  | Reached XP level 16. HP: 110/124 MP: 30/30
 28761 | Abyss:3  | Noticed a tentacled monstrosity
 28778 | Abyss:3  | Found a corrupted altar of Lugonu.
 28800 | D:13     | Escaped the Abyss
 28837 | D:13     | Bought a scroll of teleportation for 51 gold pieces
 28838 | D:13     | Bought a runed helmet for 277 gold pieces
 28892 | D:13     | Bought a pair of spiked gloves for 351 gold pieces
 28892 | D:13     | Identified the +0 pair of gloves of the Fletcher {rPois rC+
                  | rN+++ MP-9} (You bought it in a shop on level 13 of the
                  | Dungeon)
 28893 | D:13     | Bought a pair of glowing gloves for 277 gold pieces
 28893 | D:13     | Bought a slimy leather armour for 259 gold pieces
 28893 | D:13     | Identified the +5 leather armour of Cohukoca {*Corrode
                  | rPois Str+4} (You bought it in a shop on level 13 of the
                  | Dungeon)
 28896 | D:13     | Bought a scroll of fear for 68 gold pieces
 28912 | D:13     | Found a gate to the Vaults.
 29108 | D:14     | Reached skill level 7 in Ice Magic
 29380 | D:14     | Noticed Jorgrun
 29392 | D:14     | Killed Jorgrun
 29510 | D:14     | Reached skill level 8 in Ice Magic
 29624 | D:14     | Found Dary's Magic Scroll Emporium.
 29632 | D:14     | Bought a scroll of blinking for 90 gold pieces
 29632 | D:14     | Bought 2 scrolls of teleportation for 72 gold pieces
 30021 | D:14     | Noticed Frances
 30043 | D:14     | Killed Frances
 30271 | D:15     | Entered Level 15 of the Dungeon
 30340 | D:15     | Reached skill level 9 in Ice Magic
 30355 | D:15     | Found a gate leading to a gauntlet.
 30369 | Gauntlet | Entered a Gauntlet
 30369 | Gauntlet | Found a transporter.
 30467 | Gauntlet | Found a transporter.
 30470 | Gauntlet | Found a transporter.
 30471 | Gauntlet | Found a transporter.
 30482 | Gauntlet | Found a transporter.
 30483 | Gauntlet | Found a transporter.
 30484 | Gauntlet | Found a transporter.
 30494 | Gauntlet | Found a transporter.
 30495 | Gauntlet | Found a transporter.
 30495 | Gauntlet | Found a transporter.
 30503 | Gauntlet | Found a transporter.
 30506 | Gauntlet | Found a transporter.
 30507 | Gauntlet | Found a transporter.
 30518 | Gauntlet | Found a transporter.
 30705 | Gauntlet | Identified the +0 pair of boots "Betohaff" {rC+ Will-
                  | Int+4}
 30839 | Gauntlet | Identified the +1 leather armour of Decompression {rPois
                  | Str+5 Int-3}
 30839 | Gauntlet | Identified the -1 pair of boots of Bitterness {Str+3}
 30840 | Gauntlet | Got the Vademecum on Changed Hexes
 31160 | D:15     | Found a transporter.
 31168 | D:15     | Found a transporter.
 31336 | D:15     | Reached skill level 10 in Ice Magic
 31925 | D:15     | Found a staircase to the Depths.
 31990 | D:15     | Found a hazy altar of Hepliaklqana.
 32123 | D:15     | Found a transporter.
 32266 | D:15     | Found a hazy altar of Hepliaklqana.
 32324 | D:15     | Found a staircase to the Depths.
 32351 | D:15     | Found a transporter.
 32963 | Lair:5   | Found a staircase to the Slime Pits.
 33116 | Shoals:1 | Entered Level 1 of the Shoals
 34176 | Shoals:1 | Noticed Louise
 34185 | Shoals:1 | Killed Louise
 34504 | Shoals:1 | Reached skill level 11 in Ice Magic
 36364 | Shoals:2 | Reached XP level 17. HP: 126/129 MP: 4/32
 37184 | Shoals:2 | Found a runed translucent door.
 37379 | Shoals:2 | Noticed Jema's ghost (adept HuCj)
 37769 | Shoals:3 | Found a glacial archway.
 37909 | Shoals:3 | Noticed Ilsuiw
 37954 | Shoals:2 | Learned a level 5 spell: Fireball
 37984 | IceCv    | Entered an ice cave
 38179 | IceCv    | Reached skill level 12 in Ice Magic
 39295 | IceCv    | Got Sif Muna's Tome of the Tundra
 39739 | Shoals:4 | Entered Level 4 of the Shoals
 40611 | Shoals:4 | Identified the +4 flail of Tenacity {drain, rC+ rN+ Will+
                  | Int+2}
 41091 | Shoals:4 | Reached skill level 13 in Ice Magic
 41109 | Shoals:4 | Got a barnacled rune of Zot
 41534 | Shoals:4 | Noticed Mara
 41592 | Shoals:4 | Noticed a kraken
 41599 | Shoals:4 | Killed a kraken
 42570 | Shoals:4 | HP: 4/133 [merfolk impaler/+4 trident of protection (4)]
 42729 | Shoals:4 | Identified the +8 mace of Helocw {freeze, SInv}
 42871 | Shoals:4 | Noticed Ge0ff's illusion
 42872 | Shoals:4 | Killed Mara
 42873 | Shoals:4 | Reached XP level 18. HP: 120/140 MP: 7/35
 43748 | Shoals:4 | Identified the +0 robe of Xirghon {rElec rN+}
 44242 | Shoals:3 | Reached skill level 14 in Ice Magic
 44397 | Shoals:3 | Killed Ilsuiw
 47404 | Shoals:2 | Learned a level 9 spell: Polar Vortex
 47561 | Spider:1 | Entered Level 1 of the Spider Nest
 48240 | Spider:1 | Reached skill level 5 in Translocations
 49042 | Spider:1 | Identified the serpent talisman "Ziaseg" {Str+4}
 49042 | Spider:1 | Noticed Aizul
 49044 | Spider:1 | Noticed Donald
 49048 | Spider:1 | Killed Donald
 49049 | Spider:1 | Killed Aizul
 50115 | Spider:2 | Identified the +5 rapier of Leilun {heavy, *Rage +Blink
                  | rPois Str+4}
 50732 | Spider:2 | Identified the +2 sling of the Slashing Ancients {freeze,
                  | Str+3 Dex-2}
 51360 | Spider:2 | Reached skill level 15 in Ice Magic
 52594 | Spider:3 | Reached skill level 15 in Spellcasting
 53638 | Spider:3 | Reached XP level 19. HP: 146/146 MP: 4/38
 53644 | Spider:3 | Noticed Nikola
 53837 | Spider:3 | Noticed Asterion
 53923 | Spider:3 | Killed Asterion
 54486 | Spider:3 | Killed Nikola
 56457 | Spider:4 | Entered Level 4 of the Spider Nest
 56457 | Spider:4 | Identified the dragon-blood talisman of the Rose {*Slow
                  | rElec Will++}
 56457 | Spider:4 | Noticed Bai Suzhen
 56475 | Spider:3 | Killed Bai Suzhen
 57824 | Spider:4 | Noticed Arachne
 58651 | Spider:4 | Reached skill level 16 in Ice Magic
 60003 | Spider:4 | Killed Arachne
 61126 | Spider:4 | Noticed Mlioglotl
 61883 | Spider:4 | Killed Mlioglotl
 63146 | Spider:4 | Got a gossamer rune of Zot
 63866 | Elf:1    | Entered Level 1 of the Elven Halls
 64301 | Orc:2    | Learned a level 4 spell: Airstrike
 65151 | Elf:1    | Learned a level 5 spell: Lee's Rapid Deconstruction
 65474 | Elf:1    | Identified the scarf of Death's Door {rC+ rF+, Int+2}
 65569 | Elf:1    | Reached skill level 1 in Earth Magic
 65816 | Elf:1    | Found a shimmering blue altar of Sif Muna.
 65849 | Elf:1    | Found Bilullen's Book Shop.
 65849 | Elf:1    | Found Xeib's Jewellery Emporium.
 65850 | Elf:1    | Found Tudogiza's Jewellery Emporium.
 65861 | Elf:1    | Bought the ring of Lugonu's Supremacy {Will+ MP+9} for 521
                  | gold pieces
 65901 | Elf:1    | Bought a book of Spatial Translocations for 306 gold pieces
 65904 | Elf:1    | Learned a level 2 spell: Blink
 66587 | Elf:1    | Found a shimmering blue altar of Sif Muna.
 66638 | Elf:1    | Found Bilullen's Book Shop.
 66638 | Elf:1    | Found Xeib's Jewellery Emporium.
 66639 | Elf:1    | Found Tudogiza's Jewellery Emporium.
 67031 | Elf:1    | Bought a book of Geomancy for 510 gold pieces
 67128 | Elf:2    | Reached skill level 17 in Ice Magic
 67200 | Elf:2    | Reached XP level 20. HP: 132/153 MP: 34/40
 67728 | Elf:2    | Found Ymiarreg's Antique Armour Shoppe.
 67760 | Elf:2    | Found a runed translucent gate.
 67760 | Elf:2    | Found a runed translucent gate.
 67760 | Elf:2    | Found a runed translucent gate.
 70727 | Elf:3    | Entered Level 3 of the Elven Halls
 73495 | Elf:3    | Identified the ring of Fuuq {+Blink rPois Will+ Str+4
                  | Dex+6}
 73505 | Abyss:3  | Cast into level 3 of the Abyss (a deep elf demonologist)
 73538 | Abyss:3  | Learned a level 3 spell: Passwall
 73927 | Abyss:3  | Reached skill level 18 in Ice Magic
 73927 | Abyss:3  | Reached skill level 5 in Earth Magic
 73930 | Abyss:3  | Found a corrupted altar of Lugonu.
 73986 | Abyss:3  | Slain by a lorocyproca

Illustrated notes

Levels and vault maps discovered:
D:1:      mrwooster_arrival_statue_3, layout_basic, serial_shops,
          nicolae_shop_gaudy_bauble, hangedman_abyss_or_decor_stabs
D:2:      layout_rooms, serial_corexii_hall, chequers_hall_statues_corner_a,
          corexii_hall_statues_i, corexii_hall_statues_deadend,
          corexii_hall_statues_u, basic_ecumenical_altar, serial_bayou_lake_a,
          uniq_sigmund, uniq_natasha, uniq_jessica
D:3:      layout_rooms, grunt_gozag_breadcrumbs, mainiacjoe_overflow_24_doors,
          columned_hall_lemuel, feat_on_display, uniq_grinder
D:4:      layout_loops_ring, ebering_ghost_disaster_area, chequers_arboretum
D:5:      layout_basic, gammafunk_ghost_cemetery, nicolae_hexahallways
D:6:      layout_basic, mainiacjoe_overflow_alcove_3,
          minmay_temple_entry_gardened_gates, minmay_misc_feat_diagonals,
          nicolae_custom_books, kb_lookout_dungeons_type
D:7:      layout_cave_pools, worms_lemuel, uniq_jeremiah
D:8:      layout_loops_corners, serial_aquarium, aquarium_bridge_square
          [aquarium_subvault_bridge, aquarium_subvault_wall,
          aquarium_subvault_wall, aquarium_subvault_bridge], aquarium_window_1,
          aquarium_window_corridor_1, aquarium_window_fake, aquarium_view_2d,
          aquarium_pool_2, uniq_psyche
D:9:      layout_cave_pools, hiddenorc1_lemuel, serial_shops,
          kennysheep_mini_moat, shop, shop, minmay_fractal_squares_diagonal_5
D:10:     layout_irregular_city, trog_butcher_becter, serial_undead,
          serial_undead_d, serial_undead_d, serial_undead_f, serial_undead_c
D:11:     layout_roguey [special_room_orc], lair_entry_dummy,
          regret_index_xom_of_box, uniq_grum, uniq_erolcha, uniq_sonja
D:12:     layout_gridville
D:13:     layout_basic, david_vaults_1, palyth_stone_intersect,
          small_statue_alley_a
D:14:     layout_irregular_city, serial_park_tiny_2, serial_shops,
          nicolae_shop_advertising_works [nicolae_subvault_shop_adworks],
          uniq_frances, uniq_jorgrun
D:15:     hangedman_depths_entry_civil_slaughter, layout_cave_pools,
          nzn_hepliaklqana_mist_gate, gauntlet_entry_generic,
          nicolae_diode_stairs
Temple:   eino_wide_crystal_templ
Lair:1:   layout_regular_city, st_stairs_8, wad_woods_02
Lair:2:   layout_gridlike, wad_woods_river_01, lemuel_fruit_tree, uniq_amaemon
Lair:3:   layout_cave_pods, minmay_shoals_entry_hut,
          nicolae_spider_entry_lesser_pyramids, minmay_lair_oklob_bushes,
          roderic_carrion_pond, lemuel_fruit_fields
Lair:4:   mu_elephants_graveyard, layout_big_grid, gammafunk_ghost_cemetery,
          serial_bayou_lagoon_b
Lair:5:   minmay_lair_end_frog_pond, layout_regular_city,
          minmay_slime_entry_oklob_enclosed, nicolae_lair_lakeside_cave
Shoals:1: layout_shoals, nicolae_shoals_drake_roost, uniq_louise
Shoals:2: layout_shoals, ebering_ghost_reflecting_pool
Shoals:3: layout_shoals, portal_ice_cave_entry_ice_simulacra,
          nicolae_splish_splash, uniq_ilsuiw
Shoals:4: shoals_end_simple, layout_shoals, uniq_mara
Spider:1: layout_spider_delve, uniq_aizul, uniq_donald
Spider:2: layout_spider_delve
Spider:3: cheibrodos_spider_silkery, uniq_nikola, uniq_asterion
Spider:4: grunt_spider_rune_circles, nicolae_spider_scorpion_nest, uniq_arachne,
          uniq_mlioglotl, uniq_bai_suzhen
Orc:1:    layout_caves, nicolae_shop_clearance
Orc:2:    st_orc_open, layout_caves, serial_shops, nicolae_shop_rolling_square,
          statue_in_the_mist_lemuel
Elf:1:    layout_rooms, basic_altar, nicolae_elf_crossing_hall,
          minmay_curled_crystal, minivault_16, minmay_shop_grove
Elf:2:    nicolae_elf_blades_splatter_lattice
          [nicolae_blade_entry_hurt_lockers], layout_geoelf_diagonals,
          serial_shops, shop, feat_on_display
Elf:3:    minmay_elf_hall_dome, layout_geoelf_octagon
Abyss:3:  base: D:15, minivault_25_ag, minivault_25_ag,
          spicy_abyss_rude_harpoons, base: D:1, evilmike_abyss_exit_4,
          evilmike_abyss_exit_vortex, hangedman_abyss_exit_choices,
          evilmike_abyss_exit_vortex, evilmike_abyss_exit_vortex,
          grunt_abyss_rune_forest_and_sorcery, hangedman_abyss_exit_choices

Skill      XL: |  1  2  3  4  5  6  7  8  9 10 11 12 13 14 15 16 17 18 19 20 |
---------------+-------------------------------------------------------------+-----
Short Blades   | 2 3 4 5 6 7 8 9 10 | 10.9
Dodging        | 1 2 3 4 5 6 7 |  7.0
Fighting       | 3 4 5 6 7 8 9 10 12 | 12.0
Stealth        | 4 |  4.0
Spellcasting   | 2 3 5 6 7 8 9 10 11 13 15 16 17 | 17.9
Hexes          | 3 4 5 6 7 |  7.0
Evocations     | 2 4 5 |  5.0
Shields        | 2 3 4 5 7 |  7.0
Armour         | 2 3 |  3.0
Summonings     | 3 5 7 |  7.0
Fire Magic     | 3 5 6 7 |  7.0
Conjurations   | 2 4 5 6 7 |  7.0
Air Magic      | 2 4 5 |  5.0
Alchemy        | 2 4 5 |  5.0
Translocations | 1 4 5 |  5.0
Ice Magic      | 6 11 13 15 17 18 | 18.0
Earth Magic    | 1 5 |  5.0
Throwing       | |  1.5
Invocations    | |  0.7

Action                     |  1- 3 |  4- 6 |  7- 9 | 10-12 | 13-15 | 16-18 | 19-21 || total
---------------------------+-------+-------+-------+-------+-------+-------+-------++-------
  Melee: Dagger            |    43 |   136 |    23 |       |       |       |       ||   202
         Punch             |     2 |     5 |    96 |     6 |       |       |       ||   109
         Quick blade       |       |       |  1024 |  1311 |  2302 |  1477 |   331 ||  6445
         Mace              |       |       |       |       |       |       |     1 ||     1
  Throw: Dart              |    25 |    21 |     1 |    11 |    36 |    14 |       ||   108
         Stone             |       |     6 |    37 |    47 |    51 |    18 |       ||   159
         Boomerang         |       |       |       |     5 |     5 |    38 |     8 ||    56
   Cast: Jinxbite          |       |       |    46 |    65 |    60 |       |       ||   171
         Summon Blazeheart |       |       |       |     7 |    74 |    12 |     8 ||   101
         Apportation       |       |       |       |       |    15 |    15 |    17 ||    47
         Mephitic Cloud    |       |       |       |       |    31 |    41 |     6 ||    78
         Freezing Cloud    |       |       |       |       |    11 |    18 |     2 ||    31
         Ozocubu's Refrige |       |       |       |       |       |   405 |   412 ||   817
         Iskenderun's Myst |       |       |       |       |       |    32 |    71 ||   103
         Fireball          |       |       |       |       |       |     8 |       ||     8
         Airstrike         |       |       |       |       |       |       |    48 ||    48
         Lee's Rapid Decon |       |       |       |       |       |       |     9 ||     9
         Passwall          |       |       |       |       |       |       |     1 ||     1
 Invoke: Potion Petition   |       |       |       |     1 |     1 |     9 |     9 ||    20
         Call Merchant     |       |       |       |       |       |     2 |       ||     2
  Evoke: Wand              |       |       |    11 |    15 |    13 |    43 |    33 ||   115
         Lightning rod     |       |       |       |       |       |    14 |    14 ||    28
         Phial of floods   |       |       |       |       |       |     4 |     3 ||     7
         Tin of tremorston |       |       |       |       |       |     2 |     5 ||     7
         Phantom mirror    |       |       |       |       |       |       |     1 ||     1
    Use: Scroll            |       |     3 |    12 |     9 |    10 |    18 |    11 ||    63
   Stab: Sleeping          |     9 |     2 |    15 |     8 |     7 |     2 |     2 ||    45
         Paralysed         |       |       |     3 |     5 |     2 |     3 |     3 ||    16
         Distracted        |       |       |       |     3 |     6 |       |       ||     9
         Confused          |       |       |       |       |    35 |    81 |     5 ||   121
         Invisible         |       |       |       |       |       |    13 |       ||    13
         Held in net/web   |       |       |       |       |       |       |     2 ||     2
 Armour: Robe              |    14 |    67 |   211 |   369 |   566 |   544 |   340 ||  2111
  Dodge: Dodged            |    20 |    45 |   202 |   316 |   640 |   437 |   164 ||  1824
  Block: Buckler           |       |       |       |   224 |   396 |   269 |   110 ||   999

Table legend: (Time is in decaauts)
 A = Elapsed time spent in this place.
 B = Non-inter-level travel time spent in this place.
 C = Inter-level travel time spent in this place.
 D = Time resting spent in this place.
 E = Time spent auto-exploring this place.
 F = Levels seen in this place.
 G = Mean time per level.
                   A        B        C        D        E       F      G
               +--------+--------+--------+--------+--------+-----+--------+
         Total |  73671 |  70560 |   3111 |  13845 |  42423 |  39 | 1889.0 |
       Dungeon |  18642 |  17284 |   1358 |    876 |  11789 |  15 | 1242.8 |
        Temple |      1 |      1 |      0 |      0 |      0 |   1 |    1.0 |
          Lair |  12212 |  11434 |    778 |   1830 |   6172 |   5 | 2442.4 |
        Shoals |  12379 |  12065 |    314 |   2221 |   8376 |   4 | 3094.8 |
   Spider Nest |  15665 |  15460 |    205 |   5247 |   8581 |   4 | 3916.2 |
  Orcish Mines |   2743 |   2459 |    284 |     28 |   1813 |   2 | 1371.5 |
   Elven Halls |   8891 |   8720 |    171 |   3054 |   4806 |   3 | 2963.7 |
         Abyss |    891 |    891 |      0 |     73 |      0 |   3 |  297.0 |
      Ice Cave |   1669 |   1669 |      0 |    514 |    497 |   1 | 1669.0 |
      Gauntlet |    571 |    571 |      0 |      0 |    388 |   1 |  571.0 |
               +--------+--------+--------+--------+--------+-----+--------+

Top non-repeatable levels by time:
Spider:4: 6868 daAuts
Shoals:4: 5565 daAuts
Spider:2: 4789 daAuts
   Elf:2: 3947 daAuts
  Lair:5: 3572 daAuts
Shoals:1: 2868 daAuts
  Lair:3: 2763 daAuts
  Lair:4: 2720 daAuts
Spider:3: 2559 daAuts
   Elf:3: 2495 daAuts
   Elf:1: 2448 daAuts
Shoals:3: 2408 daAuts
   Orc:2: 1970 daAuts
   IceCv: 1669 daAuts
  Lair:2: 1646 daAuts
